 Seeded DCSS version 0.27.1-34-g3ba077fa99 (webtiles) character file.

Game seed: 5159286531634597441 (custom seed)

104 donath the Chopper (level 4, -1/36 HPs)
             Began as a Demonspawn Abyssal Knight on Jan 7, 2022.
             Was a Believer of Lugonu.
             Splashed by a jelly's acid (6 damage)
             ... on level 4 of the Dungeon.
             The game lasted 00:09:15 (3395 turns).

donath the Chopper (Demonspawn Abyssal Knight)      Turns: 3395, Time: 00:09:18

Health: -1/36      AC: -12   Str: 12    XL:     4   Next: 52%
Magic:  0/6        EV: 11    Int: 17    God:    Lugonu [**....]
Gold:   69         SH:  0    Dex: 12    Spells: 2/3 levels left

rFire    . . .     SeeInvis .   a - +1 hand axe
rCold    + . .     Faith    .   (no shield)
rNeg     . . .     Spirit   +   w - +0 leather armour
rPois    .         Reflect  .   (no helmet)
rElec    .         Harm     .   g - scarf {repulsion}
rCorr    .         Rampage  .   (no gloves)
Will     .....                  (no boots)
Stlth    +.........             i - amulet of guardian spirit
HPRegen  0.12/turn              p - ring of protection from cold
MPRegen  0.10/turn              (no ring)

@: corroded, repel missiles
A: demonic guardian 2, big brain 1
a: Renounce Religion, Depart the Abyss, Bend Space


You were on level 4 of the Dungeon.
You worshipped Lugonu.
Lugonu was pleased with you.
You visited 1 branch of the dungeon, and saw 4 of its levels.
You visited the Abyss 1 time.

You collected 69 gold pieces.

Inventory:

Hand Weapons
 a - a +1 hand axe (weapon)
 q - a +0 broad axe
Missiles
 f - 2 throwing nets
 k - 19 stones
 o - 18 arrows
 r - 19 sling bullets
Armour
 g - a scarf of repulsion (worn)
 w - a +0 leather armour (worn)
Magical Staves
 t - a staff of poison
Jewellery
 i - an amulet of guardian spirit (around neck)
 p - a ring of protection from cold (left hand)
Scrolls
 d - 2 scrolls of identify {unknown}
 h - a scroll of fog {unknown}
 j - a scroll of holy word {unknown}
 m - a scroll of noise {unknown}
 n - a scroll of fear {unknown}
 s - a scroll of summoning {unknown}
 u - a scroll of teleportation {unknown}
 v - a scroll of magic mapping {unknown}
Potions
 c - a potion of berserk rage {unknown}
 e - 3 potions of curing {unknown}
 l - a potion of flight {unknown}


   Skills:
 + Level 3.6 Fighting
 * Level 3.8 Axes
 - Level 1.7 Armour
 - Level 1.0 Dodging
 * Level 2.6 Invocations


You had 2 spell levels left.
You knew the following spells:

 Your Spells              Type           Power      Damage    Failure   Level
a - Sting                 Tmut/Pois      0%         1d3       30%         1

Your spell library contained the following spells:

 Spells                   Type           Power      Damage    Failure   Level
 Poisonous Vapours        Pois/Air       0%         N/A       41%         2
 Olgreb's Toxic Radiance  Pois           0%         N/A       96%         4
 Malign Gateway           Summ/Tloc      0%         N/A       100%        7
 Summon Horrible Things   Summ           0%         N/A       100%        8


Dungeon Overview and Level Annotations

Branches:
Dungeon (4/15)             Temple (0/1) D:4

Altars:

Annotations:
D:2 1 runed translucent door, Crazy Yiuf


Innate Abilities, Weirdness & Mutations

A demonic guardian rushes to your aid.
You have an unusually large brain. (Int +2)


Message History

The kobold hits you with a +0 short sword.
You closely miss the kobold.
The kobold is moderately wounded.
The kobold hits you with a +0 short sword.
You barely miss the kobold.
The kobold is moderately wounded.
The kobold barely misses you.
You barely miss the kobold.
The kobold is moderately wounded.
The kobold hits you with a +0 short sword.
You barely miss the kobold.
The kobold is moderately wounded.
The kobold hits you with a +0 short sword.
You hit the kobold.
You kill the kobold!
Lugonu accepts your kill.
You can now bend space around yourself.
k - 19 stones (gained 2)
You see here a +0 short sword.
You see here a +0 short sword.
Magic restored.
HP restored.
A jelly comes into view.
Found a staircase to the Ecumenical Temple.
The jelly quivers.
The jelly hits you but does no damage.
You hit the jelly. The acid corrodes you!
Your hands burn!
The jelly is moderately wounded.
The jelly closely misses you.
You hit the jelly.
Your hands burn!
A demonic guardian appears!
The jelly is heavily wounded.
The jelly hits you. The acid corrodes you!
You are splashed with acid!
The jelly hits you.
You are splashed with acid!
* * * LOW HITPOINT WARNING * * *
You hit the jelly but do no damage. The acid corrodes you!
Your hands burn!
* * * LOW HITPOINT WARNING * * *
The jelly is heavily wounded.
The jelly hits you.
* * * LOW HITPOINT WARNING * * *
The acid corrodes you!
You are splashed with acid!
You die...

#. #.. .. ..##
#.# ##... ..# #
. >.##.. .#
..##.
....##..###
##....##J#...
....
...##...@#.##..#
.....#.4......#
#.##..#.##.##..#
...............#
###.#.#.#.#....#
#.....#.##.#.#
##.#######.#.#
.# #
.........#.#.#
.#
.#.#####...#.# .


You could see a jelly (ally target) and a friendly rust devil (summoned).

Vanquished Creatures
  Jessica (D:2)
  Robin (D:2)
  3 dart slugs
  4 bats
  4 endoplasms
  5 goblins
  11 hobgoblins
  2 jackals (D:3)
  2 quokkas
  3 ball pythons
  6 frilled lizards
  6 kobolds
  5 rats
53 creatures vanquished.

Vanquished Creatures (collateral kills)
  A worm (D:3)
  A giant cockroach (D:3)
  A jackal (D:3)
3 creatures vanquished.

Vanquished Creatures (others)
  2 fungi (D:2)
2 creatures vanquished.

Grand Total: 58 creatures vanquished

Notes
Turn   | Place    | Note
-------+----------+-------------------------------------------
     0 | Abyss:1  | donath the Demonspawn Abyssal Knight began the quest for
                  | the Orb.
     0 | Abyss:1  | Reached XP level 1. HP: 18/18 MP: 2/2
    32 | Abyss:1  | Noticed an ancient zyme
    36 | Abyss:1  | Noticed an ancient zyme
    50 | Abyss:1  | Noticed a large abomination
    79 | Abyss:1  | Noticed a thrashing horror
    81 | D:1      | Escaped the Abyss
   598 | D:1      | Gained mutation: You have an unusually large brain. (Int
                  | +2) [demonic ancestry]
   598 | D:1      | Reached XP level 2. HP: 24/24 MP: 3/3
   648 | D:1      | Reached * piety under Lugonu
   651 | D:1      | Reached skill level 1 in Dodging
   800 | D:1      | Found a faded altar of an unknown god.
  1167 | D:1      | Gained mutation: A weak demonic guardian rushes to your
                  | aid. [demonic ancestry]
  1167 | D:1      | Reached XP level 3. HP: 26/29 MP: 4/4
  1615 | D:2      | Noticed Jessica
  1624 | D:2      | Killed Jessica
  1777 | D:2      | Noticed Robin
  1804 | D:2      | Killed Robin
  1805 | D:2      | Gained mutation: A demonic guardian rushes to your aid.
                  | [demonic ancestry]
  1805 | D:2      | Reached XP level 4. HP: 28/36 MP: 2/5
  2641 | D:2      | Found a runed translucent door.
  2642 | D:2      | Noticed Crazy Yiuf
  2930 | D:3      | Learned a level 1 spell: Sting
  3303 | D:4      | Reached ** piety under Lugonu
  3389 | D:4      | Found a staircase to the Ecumenical Temple.
  3395 | D:4      | Splashed by a jelly's acid

Illustrated notes

Levels and vault maps discovered:
D:1:      lemuel_arrival_muddy, layout_basic, ebering_ecumenical_altar_box,
          chequers_serial_rivers_marsh, kennysheep_doodads
D:2:      layout_basic, st_stairs_8, uniq_jessica, uniq_robin,
          uniq_crazy_yiuf_cottage
D:3:      layout_rooms, minmay_misc_feat_alley
D:4:      minmay_clustersquares, layout_basic, minmay_temple_entry_ruins,
          ebering_ghost_gozag

Skill      XL: |  1  2  3 |
---------------+----------+-----
Axes           | 2 3 |  3.8
Dodging        | 1 |  1.0
Fighting       | |  3.6
Armour         | |  1.7
Invocations    | |  2.6

Action                   |  1- 3 |  4- 6 || total
-------------------------+-------+-------++-------
Melee: Hand axe          |    92 |    52 ||   144
Invok: Depart the Abyss  |     1 |       ||     1
 Stab: Sleeping          |     1 |       ||     1
Armor: Leather armour    |    25 |    11 ||    36
Dodge: Dodged            |    77 |    19 ||    96
